 Dungeon Crawl Stone Soup version 0.28-a0-769-g550dbda0cd (webtiles) character file.

Game seed: 4167107503697005473

3192 KoroneIsBestGirl the Skirmisher (level 9, 0/49 HPs)
             Began as a Vine Stalker Fighter on Oct 31, 2021.
             Slain by Harold (4 damage)
             ... on level 8 of the Dungeon.
             The game lasted 00:09:55 (6463 turns).

KoroneIsBestGirl the Skirmisher (VSFi)              Turns: 6463, Time: 00:09:55

Health: 0/49       AC:  7    Str: 26      XL:     9   Next: 96%
Magic:  0/10       EV: 12    Int:  7 (8)  God:
Gold:   400        SH:  6    Dex: 17 (18) Spells: 8/8 levels left

rFire   + . .      SeeInvis .   a - +0 trident
rCold   . . .      Faith    .   c - +0 buckler
rNeg    . . .      Spirit   +   b - +0 scale mail
rPois   +          Reflect  .   (no helmet)
rElec   .          Harm     .   (no cloak)
rCorr   .          Rampage  .   (no gloves)
Will    +....                   (no boots)
Stlth   ..........              (no amulet)
HPRegen 1.16/turn               m - ring of poison resistance
MPRegen 0.12/turn               h - ring "Faumuyk" {rF+ Str+4 Dex+4}

@: no status effects
A: fangs 3, regeneration 1, magic shield, antimagic bite, no potion heal 2
a: no special abilities


You were on level 8 of the Dungeon.
You visited 2 branches of the dungeon, and saw 9 of its levels.
You also visited: Sewer.

You collected 400 gold pieces.

Inventory:

Hand Weapons
 a - a +0 trident (weapon)
Missiles
 i - a throwing net (quivered)
Armour
 b - a +0 scale mail (worn)
 c - a +0 buckler (worn)
Jewellery
 h - the ring "Faumuyk" (right hand) {rF+ Str+4 Dex+4}
   (You acquired it on level 6 of the Dungeon)

   [ring of protection from fire]

   Str:       It affects your strength (+4).
   Dex:       It affects your dexterity (+4).
   rF:        It protects you from fire.
 k - a ring of ice
 m - a ring of poison resistance (left hand)
 v - a ring of wizardry
Wands
 t - a wand of mindburst (15)
 u - a wand of polymorph (11)
Scrolls
 j - a scroll of identify
 n - a scroll of fog
 q - a scroll of torment
 r - a scroll of silence
 s - a scroll of enchant armour
 w - a scroll of teleportation
 x - a scroll of blinking {unknown}
Potions
 d - 2 potions of flight
 e - a potion of cancellation {unknown}
 f - 4 potions of curing
 g - 3 potions of lignification {unknown}
 l - a potion of attraction {unknown}
 o - 2 potions of brilliance {unknown}
 p - a potion of berserk rage {unknown}


   Skills:
 + Level 6.8 Fighting
 + Level 6.4 Polearms
 + Level 6.1 Armour
 + Level 3.9 Dodging
 - Level 5.0 Shields


You had 8 spell levels left.
You didn't know any spells.
Your spell library contained the following spells:

 Spells                   Type           Power      Damage    Failure   Level
 Apportation              Tloc           0%         N/A       69%         1
 Summon Small Mammal      Summ           0%         N/A       69%         1
 Call Canine Familiar     Summ           0%         N/A       96%         3
 Summon Guardian Golem    Hex/Summ       0%         N/A       96%         3
 Alistair's Intoxication  Tmut/Pois      0%         N/A       100%        5
 Invisibility             Hex            0%         N/A       100%        6


Dungeon Overview and Level Annotations

Branches:
Dungeon (8/15)             Temple (1/1) D:4           Sewer (visited)
   Lair: D:8-11

Altars:
Ashenzari
Hepliaklqana
Kikubaaqudgha
Makhleb
Nemelex Xobeh
Okawaru
Ru
Sif Muna
Trog
Uskayaw
Vehumet
Wu Jian
Yredelemnul
Lugonu

Annotations:
D:5 Eustachio
D:8 Harold


Innate Abilities, Weirdness & Mutations

You have razor-sharp teeth.
Your natural rate of healing is unusually fast.
When hurt, damage is shared between your health and your magic reserves.
Your bite disrupts and absorbs the magic of your enemies.
Potions cannot restore your health.


Message History

You see here a throwing net.
You struggle against the net.
Harold fires a harpoon shot at you. The harpoon shot hits you.
You are yanked forward by the harpoon shot.
You hit Harold. You bite Harold.
Harold's magic leaks into the air.
You drain his magic.
You feel invigorated.
Harold is lightly wounded.
Harold hits you with a +3 vorpal mace!
You hit Harold. You bite Harold!
Harold's magic leaks into the air.
You drain his magic.
You feel invigorated.
Harold is moderately wounded.
Harold falters for a moment.
You hit Harold but do no damage. Your bite misses Harold.
Harold is moderately wounded.
You block Harold's attack.
You hit Harold but do no damage. You bite Harold, but do no damage.
Harold is moderately wounded.
Harold hits you with a +3 vorpal mace!
You hit Harold. Your bite misses Harold.
Harold is moderately wounded.
Harold barely misses you.
You puncture Harold! Your bite misses Harold.
Harold is heavily wounded.
Harold says, "Do you have any idea what people are willing to pay to have you killed, KoroneIsBestGirl?"
You block Harold's attack.
You hit Harold. You bite Harold, but do no damage.
Harold is heavily wounded.
Harold completely misses you.
You hit Harold.
Harold is heavily wounded.
Harold hits you with a +3 vorpal mace!
You hit Harold. You bite Harold, but do no damage.
Harold is severely wounded.
Harold hits you with a +3 vorpal mace!
You puncture Harold! Your bite misses Harold.
Harold is severely wounded.
Harold hits you with a +3 vorpal mace!!
* * * LOW HITPOINT WARNING * * *
You die...

#.# #.# #.#
#.###.###
##........
#####.)###.#####
#####..............
#......@##..##..##
#..###@####....## #
#.## ##..## #.
##..## #@.# #..
#....###..###
#..##.(#.........
#......#.........
#........###..###
#####...## #@.#
#...## ## ## #


You could see Harold.

Vanquished Creatures
  Grinder (D:6)
  Prince Ribbit (D:6)
  A wyvern (D:7)
  6 yaks
  A steam dragon (D:5)
  3 ice beasts
  2 sky beasts
  A necrophage (D:6)
  An ogre (D:5)
  3 centaurs
  Blork the orc (D:4)
  A kobold brigand (Sewer)
  A wyvern zombie (D:6)
  2 water moccasin skeletons (D:5)
  A hound (D:5)
  2 jellies
  A centaur skeleton (D:4)
  2 orc priests
  A bullfrog skeleton (D:5)
  Terence (D:2)
  An iguana (D:4)
  An orc wizard (D:7)
  Robin (D:2)
  3 gnolls
  6 adders
  3 river rats (Sewer)
  A shadow imp (D:6)
  A white imp (D:6)
  An adder skeleton (D:4)
  A dart slug (D:3)
  9 orcs
  5 ball pythons
  11 bats
  6 endoplasms
  A giant cockroach (D:1)
  17 goblins
  9 hobgoblins
  2 jackals (Sewer)
  15 kobolds
  2 quokkas (D:2)
  A frilled lizard (D:2)
  8 rats
138 creatures vanquished.

Vanquished Creatures (others)
  3 plants (D:4)
3 creatures vanquished.

Grand Total: 141 creatures vanquished

Notes
Turn   | Place    | Note
-------+----------+-------------------------------------------
     0 | D:1      | KoroneIsBestGirl the Vine Stalker Fighter began the quest
                  | for the Orb.
     0 | D:1      | Reached XP level 1. HP: 11/11 MP: 2/2
     3 | D:1      | Noticed an electric eel
     4 | D:1      | Noticed an electric eel
   203 | D:1      | Reached XP level 2. HP: 16/16 MP: 3/3
   801 | D:2      | Reached XP level 3. HP: 20/20 MP: 4/4
  1193 | D:2      | Gained mutation: Your natural rate of healing is unusually
                  | fast. [Vine Stalker growth]
  1193 | D:2      | Reached XP level 4. HP: 24/24 MP: 5/5
  1214 | D:2      | Noticed Robin
  1235 | D:2      | Killed Robin
  1284 | D:2      | Noticed Terence
  1297 | D:2      | Killed Terence
  1299 | D:2      | Reached XP level 5. HP: 28/28 MP: 6/6
  2071 | D:3      | Found a faded altar of an unknown god.
  2209 | D:4      | Found a staircase to the Ecumenical Temple.
  2234 | Temple   | Entered the Ecumenical Temple
  2352 | D:4      | Noticed Blork the orc
  2376 | D:4      | Killed Blork the orc
  2377 | D:4      | Reached XP level 6. HP: 33/33 MP: 7/7
  2550 | D:4      | Found an iron altar of Okawaru.
  2707 | D:4      | Found a faded altar of an unknown god.
  2707 | D:4      | Found a faded altar of an unknown god.
  2709 | D:4      | Found a hazy altar of Hepliaklqana.
  2709 | D:4      | Found a faded altar of an unknown god.
  2733 | D:5      | Entered Level 5 of the Dungeon
  2774 | D:5      | Noticed a sky beast
  2780 | D:5      | Killed a sky beast
  2781 | D:5      | Reached XP level 7. HP: 37/37 MP: 8/8
  3268 | D:5      | Noticed a steam dragon
  3288 | D:5      | Killed a steam dragon
  3289 | D:5      | Gained mutation: You have razor-sharp teeth. [Vine Stalker
                  | growth]
  3289 | D:5      | Reached XP level 8. HP: 34/42 MP: 7/9
  3296 | D:5      | Found a glowing drain.
  3305 | Sewer    | Entered a sewer
  3392 | Sewer    | Reached skill level 5 in Fighting
  3392 | Sewer    | Reached skill level 5 in Shields
  3433 | Sewer    | Found a white marble altar of Elyvilon.
  3537 | D:5      | Identified a scroll of acquirement
  3624 | D:6      | Noticed Eustachio
  3931 | D:6      | Reached skill level 1 in Dodging
  4078 | D:6      | Noticed Grinder
  4090 | D:6      | Killed Grinder
  4091 | D:6      | Reached skill level 5 in Polearms
  4091 | D:6      | Reached skill level 5 in Armour
  4190 | D:6      | Found a broken altar of Ashenzari.
  4220 | D:6      | Noticed Prince Ribbit
  4551 | D:7      | Reached XP level 9. HP: 47/48 MP: 10/10
  4718 | D:6      | HP: 2/48 [yak (10)]
  4720 | D:6      | Acquired the ring "Faumuyk" {rF+ Str+4 Dex+4}
  5962 | D:7      | Found a sparkling altar of Nemelex Xobeh.
  6291 | D:6      | Killed Prince Ribbit
  6373 | D:8      | Noticed Harold
  6463 | D:8      | Slain by Harold

Illustrated notes

Levels and vault maps discovered:
D:1:      arrival_aquarium_b, layout_loops_ring
D:2:      layout_basic, uniq_terence, uniq_robin
D:3:      layout_rooms, shapermc_ecumenical_altar_mp_highgroup
D:4:      corexii_shack_village, layout_rooms, mainiacjoe_overflow_big_doors,
          kennysheep_mini_moat, nicolae_hepliaklqana_ecumenical_no_more,
          temple_fountains, serial_glass, glass_columns_a, glass_columns_b,
          uniq_blork_the_orc
D:5:      layout_basic, portal_sewer_entry_d
D:6:      layout_loops_ring, general_overflow_altar, uniq_grinder,
          uniq_prince_ribbit1, uniq_eustachio
D:7:      layout_basic, nemelex_diamond_rough_becter
D:8:      layout_loops_corners, good_gods_temple_1, hangedman_decor_riveting,
          palyth_stone_intersect, minmay_liquid_box, hex_tiny, hex_large,
          abandoned_shop, glass_columns_c, minmay_misc_feat_cross, uniq_harold,
          uniq_pikel
Temple:   corrupted_temple

Skill      XL: |  1  2  3  4  5  6  7  8  9 |
---------------+----------------------------+-----
Polearms       | 2 3 4 5 6 |  6.4
Fighting       | 3 4 5 6 |  6.8
Shields        | 3 4 5 |  5.0
Armour         | 3 4 5 6 |  6.1
Dodging        | 2 3 |  3.9

Action                   |  1- 3 |  4- 6 |  7- 9 || total
-------------------------+-------+-------+-------++-------
Melee: Trident           |   109 |   161 |   295 ||   565
       Bite              |    18 |    42 |   108 ||   168
  Use: Potion            |       |       |     3 ||     3
       Scroll            |       |       |     9 ||     9
 Stab: Fleeing           |       |       |     1 ||     1
Armor: Scale mail        |    50 |    46 |    80 ||   176
Dodge: Dodged            |    43 |    61 |   113 ||   217
Block: Buckler           |    16 |    26 |    64 ||   106

Table legend: (Time is in decaauts)
 A = Elapsed time spent in this place.
 B = Non-inter-level travel time spent in this place.
 C = Inter-level travel time spent in this place.
 D = Time resting spent in this place.
 E = Time spent auto-exploring this place.
 F = Levels seen in this place.
 G = Mean time per level.
                   A        B        C        D        E       F      G
               +--------+--------+--------+--------+--------+-----+--------+
         Total |   6566 |   5909 |    657 |    781 |   3842 |  10 |  656.6 |
       Dungeon |   6293 |   5650 |    643 |    781 |   3685 |   8 |  786.6 |
        Temple |     46 |     32 |     14 |      0 |     23 |   1 |   46.0 |
         Sewer |    226 |    226 |      0 |      0 |    134 |   1 |  226.0 |
               +--------+--------+--------+--------+--------+-----+--------+

Top non-repeatable levels by time:
     D:6: 1687 daAuts
     D:5: 1006 daAuts
     D:2: 853 daAuts
     D:7: 795 daAuts
     D:1: 777 daAuts
     D:4: 575 daAuts
     D:3: 543 daAuts
   Sewer: 226 daAuts
     D:8: 54 daAuts
  Temple: 46 daAuts
